[Event "CHN-ch Blitz Open 2018"]
[Site "Tianjin"]
[Date "2018.06.08"]
[Round "8.9"]
[White "Li, Di"]
[Black "Li, Yankai"]
[Result "1-0"]
[ECO "C78"]
[WhiteElo "2338"]
[BlackElo "2337"]
[Annotator "RC"]
[PlyCount "89"]
[EventDate "2018.06.07"]
[EventType "blitz"]
[EventRounds "9"]
[EventCountry "CHN"]
[SourceTitle "playchess.com"]
[Source "ChessBase"]
[SourceQuality "1"]
[TimeControl "180+2"]

1. e4 e5 2. Nf3 Nc6 3. Bb5 a6 4. Ba4 Nf6 5. O-O b5 6. Bb3 Bc5 7. d3 d6 8. h3 O-O 9. Bd2 Bb7 10. a4 Nd4 11. Nxd4 Bxd4 12. c3 Bb6 13. Na3 Qd7 14. Qe2 Rfe8 15. Bg5 Qe7 16. axb5 axb5 17. Nxb5 h6 18. Be3 Bc6 19. Na3 Reb8 20. Bc4 d5 21. exd5 Nxd5 22. Bxd5 Bxd5 23. Nc2 Qe6 24. Bxb6 Rxa1 25. Rxa1 Rxb6 26. Ne3 Bb3 27. Qg4 Qxg4 28. hxg4 g6 29. Kf1 Kf8 30. Ra7 c5 31. Rc7 Rb5 32. c4 Ra5 33. Nd5 Ra2 34. Rxc5 Rxb2 35. Ne3 Ba2 36. Rxe5 Bb1 37. d4 Bd3+ 38. Kg1 Rb1+ 39. Kh2 Rb4 40. Rc5 Kg7 41. Kg3 Rb6 42. d5 h5 43. gxh5 g5 44. Rc6 f6 45. h6+ 1-0

[Event "CHN-ch Blitz Open 2018"]
[Site "Tianjin"]
[Date "2018.06.08"]
[Round "9.8"]
[White "Peng, Xiongjian"]
[Black "Li, Di"]
[Result "1-0"]
[ECO "E10"]
[WhiteElo "2321"]
[BlackElo "2338"]
[Annotator "RC"]
[PlyCount "117"]
[EventDate "2018.06.07"]
[EventType "blitz"]
[EventRounds "9"]
[EventCountry "CHN"]
[SourceTitle "playchess.com"]
[Source "ChessBase"]
[SourceQuality "1"]
[TimeControl "180+2"]

1. d4 Nf6 2. c4 e6 3. Nf3 d5 4. e3 c5 5. Nc3 Nc6 6. Be2 cxd4 7. exd4 dxc4 8. Bxc4 Bb4 9. O-O O-O 10. Bg5 Bxc3 11. bxc3 b6 12. Qe2 Bb7 13. Rfd1 Ne7 14. Ne5 Rc8 15. Rac1 Qd6 16. Bd3 Ng6 17. Bxf6 gxf6 18. Ng4 Kg7 19. Qe3 Qf4 20. Bxg6 Qxe3 21. Nxe3 hxg6 22. c4 f5 23. f4 Rh8 24. g3 Rh3 25. d5 Kf6 26. dxe6 fxe6 27. Rd7 Be4 28. Rxa7 g5 29. fxg5+ Kxg5 30. Ng2 Rch8 31. Nh4 f4 32. Rc3 R8xh4 33. gxh4+ Rxh4 34. Rg7+ Kf6 35. Rg8 Ke5 36. c5 bxc5 37. Rxc5+ Kd4 38. Rc1 Rh7 39. a4 Bd5 40. a5 f3 41. a6 Ke3 42. Re1+ Kd2 43. Ra1 Ke3 44. Re1+ Kd2 45. Rf1 Ra7 46. Rf2+ Ke3 47. Rc8 Rxa6 48. Rc3+ Kf4 49. Rf1 e5 50. Rd1 Ba8 51. Rc8 Rg6+ 52. Kf1 Bc6 53. Rf8+ Ke3 54. Re1+ Kd4 55. Rd8+ Kc4 56. Rc1+ Kb3 57. Rb8+ Ka2 58. Rb6 e4 59. Rcxc6 1-0